 Dungeon Crawl Stone Soup version 0.17.0-28-g6e173f8 (console) character file.

111 Kloppie the Chopper (level 4, 0/42 HPs)
             Began as a Naga Fighter on Nov 29, 2015.
             Slain by a gnoll
             ... wielding a +0 spear of venom
              (6 damage)
             ... on level 3 of the Dungeon.
             The game lasted 00:03:48 (1891 turns).

Kloppie the Chopper (Naga Fighter)                  Turns: 1891, Time: 00:03:48

Health: 0/42       AC:  6    Str: 23    XL:     4   Next: 92%
Magic:  4/4        EV:  5    Int:  8    God:
Gold:   133        SH:  9    Dex: 12    Spells: 0 memorised, 3 levels left

rFire  . . .     SeeInvis +     a - +0 war axe
rCold  . . .     Clarity  .     s - +0 scale mail
rNeg   . . .     SustAt   .     c - +0 shield
rPois  +         Gourm    .     i - +0 helmet (curse)
rElec  .         Spirit   .     (no cloak)
rCorr  .         Warding  .     (no gloves)
rMut   .         Stasis   .     (no barding)
MR     .....                    (no amulet)
Stlth  ..........               (no ring)
                                (no ring)

@: mighty, lethally poisoned (0 -> -9), very slow, not resistant to hostile
enchantments, extremely unstealthy
A: see invisible, deformed body, poison resistance, slowness 2, slow metabolism
1, spit poison 2, AC +1
a: Spit Poison


You were on level 3 of the Dungeon.
You were not hungry.

You visited 1 branch of the dungeon, and saw 3 of its levels.

You collected 133 gold pieces.

Inventory:

Hand Weapons
 a - a +0 war axe (weapon)
 b - a +0 blowgun
Missiles
 k - 26 poisoned needles
Armour
 c - a +0 shield (worn)
 i - a cursed +0 helmet (worn)
 s - a +0 scale mail (worn)
Jewellery
 h - a cursed -3 ring of dexterity {unknown}
 p - an uncursed amulet of regeneration {unknown}
Scrolls
 l - a scroll of recharging {unknown}
 r - a scroll of magic mapping {unknown}
 t - 2 scrolls of remove curse {unknown}
 u - a scroll of fog {unknown}
 w - 2 scrolls of identify {unknown}
Potions
 f - a potion of mutation {unknown}
 g - a potion of degeneration {unknown}
 j - 3 potions of curing {unknown}
 o - a potion of haste {unknown}
 v - a potion of lignification {unknown}
 x - 2 potions of poison {unknown}
Comestibles
 e - 3 bread rations
 m - 3 fruits
 n - a royal jelly
 q - a meat ration


   Skills:
 - Level 3.0 Fighting
 + Level 4.9 Axes
 - Level 2.4 Armour
 - Level 2.4 Shields


You had 3 spell levels left.
You didn't know any spells.

Dungeon Overview and Level Annotations

Branches:
Dungeon (3/15)

Altars:


Innate Abilities, Weirdness & Mutations

You cannot wear boots.
Your serpentine skin is tough (AC +1).
You have supernaturally acute eyesight.
Armour fits poorly on your strangely shaped body.
Your system is resistant to poisons.
You cover ground very slowly.
You have a slow metabolism.
You can spit poison.


Message History

You block the gnoll's attack.
The gnoll hits you from afar with a spear of venom.
The gnoll hits you with a halberd of venom!
* * * LOW HITPOINT WARNING * * *
You are poisoned.
The gnoll hits you but does no damage.
A gnoll comes into view. It is wielding a halberd.
The gnoll shouts!
You hit the gnoll.
The gnoll is moderately wounded.
You feel sick.
The gnoll hits you from afar with a spear of venom!
* * * LOW HITPOINT WARNING * * *
You block the gnoll's attack.
Drink which item? (? for menu, Esc to quit)
You feel very mighty all of a sudden.
* * * LOW HITPOINT WARNING * * *
You feel sick.
The gnoll hits you from afar with a spear of venom.
You die...

# ###########.## ##.
#............# #
#g..########.#######....###
#..g..g...#.# #.......#
#.#.######.#)# #.......# #.
#g#.# #...>...# #g #g#.#
#.....### #. #g#.# #(....#
# .. #@#.# #..#### # #
#.#.# #..# # #...# #..# #
##### ##..######
##......... #.###.##..#.#.#
#....#####.###.
#####.###.#.#.# ##.#.###.##


You could see 3 gnolls.

Vanquished Creatures
  Terence (D:3)
  4 adders
  A worm (D:3)
  2 giant geckos
  3 orcs (D:3)
  2 bats (D:1)
  4 giant cockroaches
  7 hobgoblins
  9 kobolds
  A ball python (D:1)
  4 giant newts
  2 goblins (D:1)
  9 rats
49 creatures vanquished.

Notes
Turn   | Place    | Note
--------------------------------------------------------------
     0 | D:1      | Kloppie the Naga Fighter began the quest for the Orb.
     0 | D:1      | Reached XP level 1. HP: 21/21 MP: 1/1
   207 | D:1      | Reached XP level 2. HP: 28/28 MP: 2/2
   766 | D:1      | Reached XP level 3. HP: 32/34 MP: 3/3
  1064 | D:2      | Reached skill level 4 in Axes
  1097 | D:2      | Reached XP level 4. HP: 33/42 MP: 4/4
  1659 | D:3      | Noticed Terence
  1684 | D:3      | Killed Terence
  1891 | D:3      | Slain by a gnoll

Action                   |  1- 3 |  4- 6 || total
-------------------------+-------+-------++-------
Melee: War axe           |   106 |    43 ||   149
 Abil: Spit Poison       |     2 |       ||     2
  Use: Potion            |       |     1 ||     1
  Eat: Chunk             |       |     3 ||     3
